 Dungeon Crawl Stone Soup version 0.28.0-53-g5a82cb258f (webtiles) character file.

Game seed: 8846915715864245616

147 MiltankisOP the Changer (level 5, -1/40 HPs)
             Began as a Draconian Transmuter on June 13, 2022.
             Was a Priest of Jiyva.
             Slain by a sky beast (3 damage)
             ... on level 3 of the Dungeon.
             The game lasted 00:03:19 (1443 turns).

MiltankisOP the Changer (Draconian Transmuter)      Turns: 1443, Time: 00:03:19

Health: -1/40      AC:  5    Str: 12    XL:     5   Next: 8%
Magic:  8/8        EV: 12    Int: 16    God:    Jiyva [***...]
Gold:   21         SH:  0    Dex: 11    Spells: 7/8 levels left

rFire   . . .      SeeInvis .     - Unarmed
rCold   . . .      Faith    .   (no shield)
rNeg    . . .      Spirit   .   (armour unavailable)
rPois   .          Reflect  .   (helmet currently unavailable)
rElec   .          Harm     .   (no cloak)
rCorr   +          Rampage  .   (no gloves)
Will    .....                   (boots currently unavailable)
Stlth   +.........              (no amulet)
HPRegen 1.25/turn               (no ring)
MPRegen 0.46/turn               (no ring)

@: appendages
A: horns 2, talons 2, AC +5, unfitting armour, cold-blooded
a: End Transformation, Renounce Religion, Oozemancy


You were on level 3 of the Dungeon.
You worshipped Jiyva.
Jiyva was most pleased with you.
You had temporarily grown beastly horns and talons.
You visited 1 branch of the dungeon, and saw 3 of its levels.

You collected 21 gold pieces.

Inventory:

Scrolls
 a - a scroll of amnesia {unknown}
 c - a scroll of blinking {unknown}
Potions
 b - a potion of flight {unknown}
 d - a potion of magic {unknown}


   Skills:
 - Level 1.1 Fighting
 - Level 1.7 Dodging
 - Level 3.0 Unarmed Combat
 - Level 2.0 Spellcasting
 + Level 5.3 Transmutations


You had 7 spell levels left.
You knew the following spells:

 Your Spells              Type           Power      Damage    Failure   Level
a - Beastly Appendage     Tmut           36%        N/A       2%          1

Your spell library contained the following spells:

 Spells                   Type           Power      Damage    Failure   Level
 Wereblood                Tmut           18%        N/A       3%          2
 Spider Form              Tmut/Pois      10%        N/A       21%         3
 Static Discharge         Conj/Air       1%         N/A       30%         2
 Ice Form                 Ice/Tmut       10%        N/A       56%         4
 Alistair's Intoxication  Tmut/Pois      6%         N/A       88%         5
 Dispel Undead            Necr           1%         3d6       90%         4
 Sticky Flame             Conj/Fire      1%         2d3       90%         4
 Borgnjor's Vile Clutch   Necr/Erth      0%         N/A       99%         5
 Eringya's Noxious Bog    Tmut/Pois      5%         N/A       100%        6


Dungeon Overview and Level Annotations

Branches:
Dungeon (3/15)

Altars:
Elyvilon
Jiyva


Innate Abilities, Weirdness & Mutations

You have temporarily grown beastly horns and talons.
Your plain brown scales are hard. (AC +5)
You cannot fit into any form of body armour.
You are cold-blooded and may be slowed by cold attacks.


Message History

You open the door.
A sky beast comes into view.
Casting: Beastly Appendage (safe; 2% risk of failure)
Confirm with . or Enter, or press ? or * to list all spells.
You grow a pair of large bovine horns.
Your feet morph into talons.
You hit the sky beast but do no damage.
Your tail-slap misses the sky beast.
The sky beast hits you. The sky beast shocks you.
You hit the sky beast. Your kick misses the sky beast.
The sky beast is lightly wounded.
The sky beast hits you. The sky beast shocks you.
You barely miss the sky beast. You headbutt the sky beast.
The sky beast is lightly wounded.
You miss the sky beast.
The sky beast is lightly wounded.
The sky beast barely misses you.
You hear a distant slurping noise.
You hit the sky beast but do no damage. Your kick misses the sky beast.
The sky beast is lightly wounded.
The sky beast hits you. The sky beast shocks you.
You miss the sky beast.
The sky beast is lightly wounded.
The sky beast flickers out of sight!
Deactivating autopickup; reactivate with Ctrl-A.
Something hits you. Something shocks you.
You hear a distant slurping noise.
You miss something. Something hits you but does no damage.
You miss something. Your kick misses something. Something hits you.
Something shocks you.
* * * LOW HITPOINT WARNING * * *
You closely miss something. Something hits you.
* * * LOW HITPOINT WARNING * * *
Something shocks you.
* * * LOW HITPOINT WARNING * * *
You closely miss something.
Your tail-slap misses something.
Something hits you.
* * * LOW HITPOINT WARNING * * *
Something shocks you.
* * * LOW HITPOINT WARNING * * *
You miss something. Your kick misses something. Something hits you.
You die...

#. #####♣ ♣ ♣
#.#######....♣.♣...♣
#.#...J##.##@{......
#.#....##.#..♣♣♣♣+♣♣
#.#..J.##.#J.# #...#
#........>#..###.#.##########
#...#.##..#....#.#...........
#....#.#..##.#.#.#.........##
#..##.#......#.......[.......
##...####.#######.#.#....#..##
#.......#.....§...#.#....#..##


You could see a neutral jelly (wandering)(fellow slime).

Vanquished Creatures
  Sigmund (D:2)
  A phantom (D:3)
  An adder (D:2)
  A worm (D:2)
  A dart slug (D:1)
  A giant cockroach (D:1)
  A goblin (D:1)
  A hobgoblin (D:1)
  A quokka (D:2)
  A ball python (D:3)
  6 bats
  A frilled lizard (D:1)
  3 kobolds (D:1)
  2 rats
22 creatures vanquished.

Vanquished Creatures (others)
  A jelly (D:2)
  Jessica (D:3)
  An adder (D:2)
  A worm (D:3)
  3 bats
  An endoplasm (D:2)
  2 giant cockroaches (D:2)
  A goblin (D:2)
  3 ball pythons
  A frilled lizard (D:3)
  2 rats
  7 plants (D:3)
24 creatures vanquished.

Grand Total: 46 creatures vanquished

Notes
Turn   | Place    | Note
-------+----------+-------------------------------------------
     0 | D:1      | MiltankisOP the Draconian Transmuter began the quest for
                  | the Orb.
     0 | D:1      | Reached XP level 1. HP: 16/16 MP: 3/3
   136 | D:1      | Found a faded altar of an unknown god.
   159 | D:1      | Prayed at the altar of an unknown god.
   159 | D:1      | Became a worshipper of Jiyva Jeimymeo the Shapeless
   159 | D:1      | Reached * piety under Jiyva
   253 | D:1      | Reached XP level 2. HP: 23/23 MP: 5/5
   608 | D:1      | Reached skill level 3 in Transmutations
   672 | D:2      | Reached ** piety under Jiyva
  1104 | D:2      | Reached XP level 3. HP: 24/28 MP: 6/6
  1213 | D:2      | Found a white marble altar of Elyvilon.
  1216 | D:2      | Noticed Sigmund
  1234 | D:2      | Killed Sigmund
  1235 | D:2      | Reached skill level 4 in Transmutations
  1235 | D:2      | Reached XP level 4. HP: 30/35 MP: 7/7
  1344 | D:3      | Reached *** piety under Jiyva
  1370 | D:3      | Noticed a phantom
  1391 | D:3      | Killed a phantom
  1392 | D:3      | Reached skill level 5 in Transmutations
  1392 | D:3      | Reached XP level 5. HP: 21/40 MP: 8/8
  1419 | D:3      | Killed Jessica
  1431 | D:3      | Noticed a sky beast
  1442 | D:3      | HP: 1/40 [something (5)]
  1443 | D:3      | Slain by a sky beast

Illustrated notes

Levels and vault maps discovered:
D:1:      matt_arrival_refuge, layout_loops_ring,
          shapermc_ecumenical_altar_notcrosses, minmay_misc_feat_more_columns,
          kennysheep_decorative_pillar
D:2:      layout_basic, basic_altar, uniq_sigmund
D:3:      layout_basic, nicolae_overflow_crystal_walls,
          mainiacjoe_overflow_chevrons, mainiacjoe_overflow_tiny_flanked,
          mainiacjoe_overflow_six_doors_small, minmay_misc_feat_square,
          uniq_jessica, uniq_terence

Skill      XL: |  1  2  3  4 |
---------------+-------------+-----
Transmutations | 3 4 5 |  5.3
Fighting       | |  1.1
Dodging        | |  1.7
Unarmed Combat | |  3.0
Spellcasting   | |  2.0

Action                   |  1- 3 |  4- 6 || total
-------------------------+-------+-------++-------
Melee: Unarmed           |    57 |    27 ||    84
       Kick              |    10 |     1 ||    11
       Tailslap          |     9 |     2 ||    11
       Headbutt          |     8 |     4 ||    12
       Punch             |     1 |       ||     1
 Cast: Beastly Appendage |    12 |     3 ||    15
 Stab: Sleeping          |     1 |       ||     1
Armor: Skin              |    15 |     8 ||    23
Dodge: Dodged            |    33 |     8 ||    41
